[Event "Titled Tuesday Blitz November 07 Early 2023"]
[White "Dragun, Kamil"]
[Black "Reprintsev, Alexander"]
[WhiteFideId "1134167"]
[BlackFideId "14100541"]
[WhiteElo "2796"]
[BlackElo "2499"]
[Result "1-0"]
[Round "5"]
[TimeControl "180+1"]
[Date "2023.11.07"]
[WhiteClock "0:00:29"]
[BlackClock "0:00:00"]
[Board "87"]

1. d4 d5 2. c4 e5 3. dxe5 d4 4. Nf3 Nc6 5. Nbd2 a5 6. Nb3 Bg4 7. Nbxd4 Bc5 8. e3 Nxd4 9. exd4 Bxf3 10. Qxf3 Qxd4 11. Be2 Bb4+ 12. Kf1 Ne7 13. g3 O-O 14. Kg2 Nc6 15. Qe3 Rfe8 16. f4 f6 17. Rd1 Qxe3 18. Bxe3 fxe5 19. f5 e4 20. c5 a4 21. a3 Ba5 22. Rd7 Re7 23. Rxe7 Nxe7 24. Rd1 Nxf5 25. Bf4 Re8 26. g4 Nh4+ 27. Kf2 Rf8 28. Kg3 Ng6 29. Be3 c6 30. Rd7 Bd8 31. g5 h6 32. gxh6 Bh4+ 33. Kh3 gxh6 34. Bxh6 Rf2 35. Rg7+ Kh8 36. Rxg6 Rxe2 37. Kxh4 1-0


[Site "https://www.chess.com"]

[Event "Titled Tuesday Blitz November 07 Early 2023"]
[White "Hajiyev, Kanan"]
[Black "elprimo2012mortis"]
[WhiteFideId "13404148"]
[WhiteElo "2498"]
[BlackElo "2780"]
[Result "0-1"]
[Round "5"]
[TimeControl "180+1"]
[Date "2023.11.07"]
[WhiteClock "0:00:02"]
[BlackClock "0:00:15"]
[Board "88"]

1. d4 Nf6 2. Nf3 e6 3. c4 d5 4. cxd5 exd5 5. Nc3 c6 6. Qc2 g6 7. Bg5 Bf5 8. Qb3 b5 9. Ne5 Be7 10. e3 h6 11. Bh4 O-O 12. Be2 a5 13. O-O a4 14. Qd1 b4 15. Nxa4 Kg7 16. Rc1 Qa5 17. b3 Rc8 18. f4 Bd6 19. g4 Be4 20. g5 Ng8 21. f5 Bxf5 22. Rxf5 gxf5 23. Bh5 Bxe5 24. dxe5 Qc7 25. gxh6+ Kh7 26. Bg3 Qe7 27. Nb6 Nd7 28. Nxa8 Rxa8 29. Rxc6 Rxa2 30. Qxd5 Nxh6 31. Rc7 Qg5 32. Bxf7 Qxe3+ 33. Kh1 Ra1+ 34. Kg2 Rg1+ 35. Kh3 Qe2 36. Bg6+ Kg7 37. e6 Qg4# 0-1


[Site "https://www.chess.com"]

[Event "Titled Tuesday Blitz November 07 Early 2023"]
[White "Lehtosaari, Mauri"]
[Black "Weetik, Vjacheslav"]
[WhiteFideId "501999"]
[BlackFideId "4153472"]
[WhiteElo "2496"]
[BlackElo "2771"]
[Result "0-1"]
[Round "5"]
[TimeControl "180+1"]
[Date "2023.11.07"]
[WhiteClock "0:00:56"]
[BlackClock "0:00:53"]
[Board "89"]

1. d4 Nf6 2. Nf3 g6 3. Bg5 Bg7 4. Nbd2 d5 5. e3 O-O 6. Bd3 Nbd7 7. O-O c5 8. c3 Re8 9. b4 c4 10. Bc2 h6 11. Bh4 g5 12. Bg3 Nh5 13. Be5 f6 14. Bg3 Nxg3 15. hxg3 e5 16. a4 e4 17. Nh2 f5 18. f3 Nf6 19. fxe4 fxe4 20. Qe2 Qd6 21. Rxf6 Qxf6 22. g4 Qd6 23. Ndf1 Rf8 24. Qe1 Bd7 25. Ng3 Rf7 26. Nf5 Bxf5 27. gxf5 Rxf5 28. Bd1 Raf8 29. Bg4 Rf2 30. Nf1 Rxf1+ 0-1


[Site "https://www.chess.com"]

[Event "Titled Tuesday Blitz November 07 Early 2023"]
[White "Sattarov, Bobir"]
[Black "Lund, Gunnar"]
[WhiteFideId "14203081"]
[BlackFideId "1520814"]
[WhiteElo "2764"]
[BlackElo "2495"]
[Result "1-0"]
[Round "5"]
[TimeControl "180+1"]
[Date "2023.11.07"]
[WhiteClock "0:00:07"]
[BlackClock "0:00:04"]
[Board "90"]

1. e4 e6 2. d4 d5 3. e5 c5 4. c3 Nc6 5. Nf3 Bd7 6. Bd3 Qb6 7. O-O cxd4 8. Re1 Nh6 9. h3 Be7 10. Nbd2 Nf5 11. Nb3 dxc3 12. bxc3 Rc8 13. Rb1 Qc7 14. Nbd4 Nfxd4 15. Nxd4 a6 16. Qg4 g6 17. Qg3 b5 18. Bg5 h6 19. Bd2 Bf8 20. a4 Nxd4 21. cxd4 Qb7 22. Rb3 Rc4 23. Bxg6 Bc6 24. Bh5 Rxd4 25. Ba5 Re4 26. Reb1 Bc5 27. Rf3 Rf8 28. axb5 axb5 29. Qg7 Re2 30. Qf6 Qa7 31. Qxe6+ Be7 32. Qxc6+ Qd7 33. Qa8+ Bd8 34. Rc1 Rxe5 35. Bg4 f5 36. Bh5+ Ke7 37. Bb4+ Ke6 38. Qc6+ Qxc6 39. Rxc6+ Kd7 40. Rd6+ Kc8 41. Rc3+ Kb8 42. Rd7 Rg8 43. Bd6+ Bc7 44. Bxc7+ Kc8 45. Rh7 Re1+ 46. Kh2 Kb7 47. Bg3+ Kb6 48. Bc7+ Kb7 49. Bd6+ Kb6 50. Bc5+ Kc6 51. Rxh6+ Kd7 52. Rh7+ Ke6 53. Bf7+ Kf6 54. Bd4+ Kg5 55. Rg3+ Kf4 56. Rh4+ Rg4 57. hxg4 b4 58. g5# 1-0


[Site "https://www.chess.com"]

[Event "Titled Tuesday Blitz November 07 Early 2023"]
[White "Pakleza, Zbigniew"]
[Black "Pujari, Rucha"]
[WhiteFideId "1119290"]
[BlackFideId "5024528"]
[WhiteElo "2759"]
[BlackElo "2492"]
[Result "1-0"]
[Round "5"]
[TimeControl "180+1"]
[Date "2023.11.07"]
[WhiteClock "0:01:21"]
[BlackClock "0:00:11"]
[Board "91"]

1. d4 d5 2. Nf3 Nf6 3. Bf4 e6 4. Nbd2 Bd6 5. Bg3 O-O 6. e3 c5 7. c3 Qc7 8. Be2 Nbd7 9. c4 e5 10. dxe5 Nxe5 11. cxd5 Nxd5 12. Bxe5 Bxe5 13. Nc4 Rd8 14. Ncxe5 Nxe3 15. fxe3 Rxd1+ 16. Rxd1 Be6 17. Kf2 f6 18. Bc4 Bxc4 19. Nxc4 Re8 20. Rd2 b5 21. Nd6 Rd8 22. Rhd1 Qb6 23. b3 h6 24. h4 Kh7 25. h5 Rd7 26. Nh4 Qc6 27. Ng6 Rd8 28. Nf7 Rxd2+ 29. Rxd2 Qe6 30. Nf8+ 1-0


[Site "https://www.chess.com"]

[Event "Titled Tuesday Blitz November 07 Early 2023"]
[White "Kopczynski, Michal"]
[Black "Mindlin, Alon"]
[WhiteFideId "1124200"]
[BlackFideId "2800071"]
[WhiteElo "2489"]
[BlackElo "2744"]
[Result "0-1"]
[Round "5"]
[TimeControl "180+1"]
[Date "2023.11.07"]
[WhiteClock "0:00:38"]
[BlackClock "0:02:30"]
[Board "92"]

1. e4 e5 2. Nf3 Nc6 3. Bb5 a6 4. Ba4 Nf6 5. d3 b5 6. Bb3 Be7 7. a4 b4 8. c3 Rb8 9. O-O d6 10. h3 O-O 11. Nbd2 Be6 12. Bxe6 fxe6 13. Qb3 Qd7 14. Ng5 bxc3 15. Qxc3 Nd4 16. Ngf3 Ne2+ 17. Kh2 Nxc3 18. bxc3 Nh5 19. Nc4 Rxf3 20. gxf3 Rf8 21. f4 Nxf4 22. Bxf4 Rxf4 23. Rab1 h6 24. a5 Bh4 25. f3 Qa4 26. Rb2 Kh7 27. Rg2 Qb3 28. Rfg1 Bg5 29. Nd2 Qxc3 30. Nf1 Rxf3 31. h4 Bf4+ 32. Kh1 Rh3+ 0-1


[Site "https://www.chess.com"]

[Event "Titled Tuesday Blitz November 07 Early 2023"]
[White "Willy, Stephen"]
[Black "Danielyan, Vahe"]
[WhiteFideId "30981468"]
[BlackFideId "13304828"]
[WhiteElo "2489"]
[BlackElo "2719"]
[Result "0-1"]
[Round "5"]
[TimeControl "180+1"]
[Date "2023.11.07"]
[WhiteClock "0:00:13"]
[BlackClock "0:01:07"]
[Board "93"]

1. e4 c6 2. d4 d5 3. Nc3 dxe4 4. Nxe4 Nf6 5. Nxf6+ exf6 6. c3 Bd6 7. Bd3 O-O 8. Qh5 Re8+ 9. Ne2 g6 10. Qh4 Nd7 11. O-O Nf8 12. Bf4 Rxe2 13. Bxd6 Rd2 14. Bxf8 Qxf8 15. Bc4 Kg7 16. Rab1 Qd6 17. Rfd1 Rxd1+ 18. Rxd1 Be6 19. Bb3 Bxb3 20. axb3 Re8 21. Qg3 Qe6 22. c4 Qe1+ 0-1


[Site "https://www.chess.com"]

[Event "Titled Tuesday Blitz November 07 Early 2023"]
[White "subham777"]
[Black "Martinez Ramirez, Lennis"]
[BlackFideId "3509079"]
[WhiteElo "2483"]
[BlackElo "2713"]
[Result "1/2-1/2"]
[Round "5"]
[TimeControl "180+1"]
[Date "2023.11.07"]
[WhiteClock "0:00:05"]
[BlackClock "0:00:04"]
[Board "94"]

1. e4 c5 2. Nf3 Nc6 3. Bb5 g6 4. O-O Bg7 5. c3 Nf6 6. Re1 O-O 7. d4 cxd4 8. cxd4 d5 9. e5 Ne4 10. Nc3 Nxc3 11. bxc3 Na5 12. Bg5 Bf5 13. Rc1 Rc8 14. Bd3 Bxd3 15. Qxd3 f6 16. exf6 exf6 17. Bh4 Nc4 18. Nd2 Qd7 19. Bg3 Bh6 20. f4 Nd6 21. Qf3 Nf5 22. Nb3 b6 23. Re2 Rfe8 24. Rce1 Rxe2 25. Rxe2 Kf7 26. Be1 Re8 27. g4 Rxe2 28. Qxe2 Nd6 29. Bg3 Qb5 30. Qf3 Ne4 31. g5 Bg7 32. gxf6 Bxf6 33. f5 a5 34. fxg6+ hxg6 35. Be5 a4 36. Nd2 Qc6 37. Nxe4 dxe4 38. Qf4 b5 39. d5 Qb6+ 40. Kg2 Kg7 41. d6 Bxe5 42. Qxe5+ Kh6 43. Qf4+ Kh5 44. Qe5+ g5 45. Qh8+ Kg4 46. d7 Qe3 47. d8=Q Qe2+ 48. Kg1 Qe1+ 49. Kg2 Qe2+ 50. Kg1 Qe1+ 51. Kg2 Qe2+ 1/2-1/2


[Site "https://www.chess.com"]

[Event "Titled Tuesday Blitz November 07 Early 2023"]
[White "Kourkoulos-Arditis, Stamatis"]
[Black "Kanyamarala, Trisha"]
[WhiteFideId "4221990"]
[BlackFideId "45004722"]
[WhiteElo "2707"]
[BlackElo "2482"]
[Result "0-1"]
[Round "5"]
[TimeControl "180+1"]
[Date "2023.11.07"]
[WhiteClock "0:00:00"]
[BlackClock "0:00:11"]
[Board "95"]

1. b4 e5 2. Bb2 d6 3. c4 Nf6 4. e3 Be7 5. Nf3 O-O 6. Be2 Bg4 7. d3 Nbd7 8. O-O e4 9. dxe4 Nxe4 10. h3 Bh5 11. Nbd2 Ndf6 12. Nd4 Bxe2 13. Qxe2 d5 14. Rfd1 Nxd2 15. Rxd2 Bxb4 16. Rdd1 c6 17. Nf5 Be7 18. cxd5 cxd5 19. e4 Re8 20. exd5 Ba3 21. Qd2 Ne4 22. Qd4 Bxb2 23. Qxb2 Qg5 24. g4 h5 25. Qc1 Qg6 26. Qf4 Nc3 27. Re1 Ne2+ 28. Rxe2 Rxe2 29. Kg2 Rae8 30. d6 Qe6 31. Rd1 Qe4+ 32. Qxe4 R2xe4 33. Kf3 R4e5 34. d7 Rd8 35. Kf4 f6 36. gxh5 Ra5 37. h6 g5+ 38. Kg4 Ra4+ 39. Kh5 Kh7 40. Rd6 Rf4 41. Rxf6 Rxd7 42. Kxg5 Rxf2 43. Re6 Rf7 44. Re5 b5 45. Rxb5 Rxa2 0-1


[Site "https://www.chess.com"]

[Event "Titled Tuesday Blitz November 07 Early 2023"]
[White "Remolar Gallen, Jose"]
[Black "Nagare Kaivalya Sandip"]
[WhiteFideId "2215187"]
[BlackFideId "25957929"]
[WhiteElo "2477"]
[BlackElo "2692"]
[Result "0-1"]
[Round "5"]
[TimeControl "180+1"]
[Date "2023.11.07"]
[WhiteClock "0:00:30"]
[BlackClock "0:02:18"]
[Board "96"]

1. e4 e5 2. Nf3 Nc6 3. Bb5 f5 4. d3 Nf6 5. O-O fxe4 6. dxe4 Bc5 7. Bg5 d6 8. Nc3 O-O 9. Nd5 Bg4 10. h3 Bh5 11. c3 Kh8 12. Qd3 a6 13. Ba4 Nxd5 14. exd5 Rxf3 15. Bxd8 Rxd3 0-1


[Site "https://www.chess.com"]

[Event "Titled Tuesday Blitz November 07 Early 2023"]
[White "Pinto, Daniel"]
[Black "Starozhilov, Leonid"]
[WhiteFideId "3303144"]
[BlackFideId "14106752"]
[WhiteElo "2477"]
[BlackElo "2687"]
[Result "1-0"]
[Round "5"]
[TimeControl "180+1"]
[Date "2023.11.07"]
[WhiteClock "0:00:05"]
[BlackClock "0:00:05"]
[Board "97"]

1. e4 c5 2. Nf3 Nc6 3. Bb5 g6 4. O-O Bg7 5. Re1 e5 6. b4 b6 7. Bxc6 dxc6 8. bxc5 bxc5 9. Bb2 Bg4 10. d3 c4 11. dxc4 Qxd1 12. Rxd1 Rb8 13. Ba3 f5 14. Nc3 Bf8 15. Bxf8 Bxf3 16. Bg7 Bxd1 17. Rxd1 Rb2 18. Bxh8 Rxc2 19. Bxe5 Ke7 20. exf5 gxf5 21. c5 Kf7 22. f3 Ne7 23. Kf1 Ng6 24. Bd4 Nh4 25. Bf2 Ng6 26. Rd7+ Ke8 27. Rd3 a5 28. Ne2 Rxa2 29. Nd4 Ne7 30. Be1 a4 31. Re3 Kf7 32. Re5 Kf6 33. Re6+ Kf7 34. Rd6 Rb2 35. Nxc6 a3 36. Rd7 a2 37. Rxe7+ Kf6 38. Ra7 Kg5 39. Nd4 f4 40. Ne6+ Kf5 41. Nd4+ Ke5 42. Ne2 Kd5 43. Nxf4+ Kxc5 44. Nd3+ Kb6 45. Ra8 Kb7 46. Ra3 Rc2 47. Nb4 Rc1 48. Nxa2 Ra1 49. Rb3+ Kc6 50. Nb4+ Kb5 51. Nc2+ Kc4 52. Nxa1 1-0


[Site "https://www.chess.com"]

[Event "Titled Tuesday Blitz November 07 Early 2023"]
[White "Kosteniuk, Alexandra"]
[Black "vishwa_vijeta"]
[WhiteFideId "4128125"]
[WhiteElo "2679"]
[BlackElo "2471"]
[Result "0-1"]
[Round "5"]
[TimeControl "180+1"]
[Date "2023.11.07"]
[WhiteClock "0:00:52"]
[BlackClock "0:00:19"]
[Board "98"]

1. d4 Nf6 2. Nf3 g6 3. c4 Bg7 4. Nc3 d5 5. cxd5 Nxd5 6. Bd2 c5 7. e4 Nxc3 8. Bxc3 cxd4 9. Bxd4 Qa5+ 10. Qd2 Qxd2+ 11. Kxd2 O-O 12. Bxg7 Kxg7 13. Ke3 Nc6 14. Rc1 Rd8 15. Bc4 Bg4 16. a3 Bxf3 17. gxf3 Ne5 18. Bd5 e6 19. Bxb7 Rab8 20. Rc7 Rd3+ 21. Ke2 Rb3 22. Ba6 Rxb2+ 23. Kf1 Nxf3 24. Kg2 R8b3 25. h4 Rxa3 26. Bc8 Nd4 27. h5 Raa2 28. h6+ Kf6 29. Rf1 Rc2 30. Rxc2 Rxc2 31. Ba6 Kg5 32. Kg3 Rc3+ 33. f3 Kxh6 34. Kf4 Kg7 35. e5 Ra3 36. Bb7 Ne2+ 37. Kg4 h5+ 38. Kh4 Ra4+ 39. Kh3 Ra5 40. Kh2 Rxe5 41. Re1 Kf6 42. Ra1 a5 43. Ra4 g5 44. Rc4 Nf4 45. Rc7 Re2+ 46. Kg1 h4 47. Ba6 Re5 48. Rb7 a4 49. Bb5 a3 50. Be8 Re1+ 51. Kh2 a2 52. Rxf7+ Ke5 0-1


[Site "https://www.chess.com"]

[Event "Titled Tuesday Blitz November 07 Early 2023"]
[White "Godzwon, Iwo"]
[Black "Czerw, Dawid"]
[WhiteFideId "21802483"]
[BlackFideId "1145746"]
[WhiteElo "2677"]
[BlackElo "2462"]
[Result "1-0"]
[Round "5"]
[TimeControl "180+1"]
[Date "2023.11.07"]
[WhiteClock "0:00:32"]
[BlackClock "0:00:07"]
[Board "99"]

1. Nf3 Nf6 2. c4 c6 3. e3 d5 4. b3 a6 5. Bb2 b5 6. Qc2 Bg4 7. Ne5 Bh5 8. f4 Nfd7 9. Qf5 Bg6 10. Nxg6 hxg6 11. Qc2 e6 12. Nc3 Be7 13. g3 O-O 14. h4 f5 15. Be2 Nf6 16. h5 gxh5 17. Bxh5 Nxh5 18. Rxh5 Nd7 19. O-O-O Nf6 20. Rh3 a5 21. Rdh1 a4 22. cxb5 cxb5 23. Kb1 axb3 24. Qxb3 b4 25. Ne2 Ne4 26. Bc1 Bf6 27. d3 Ra3 28. Qc2 b3 29. Rh8+ Kf7 30. Rxf8+ Kxf8 31. Bxa3+ Kg8 32. axb3 Qa5 33. dxe4 Qxa3 34. e5 1-0


[Site "https://www.chess.com"]

[Event "Titled Tuesday Blitz November 07 Early 2023"]
[White "Mazurkiewicz, Michal"]
[Black "HamedWafa4"]
[WhiteFideId "1124943"]
[WhiteElo "2460"]
[BlackElo "2651"]
[Result "0-1"]
[Round "5"]
[TimeControl "180+1"]
[Date "2023.11.07"]
[WhiteClock "0:01:09"]
[BlackClock "0:02:30"]
[Board "100"]

1. e4 e5 2. Nf3 Nc6 3. Bb5 a6 4. Bxc6 dxc6 5. O-O Bg4 6. h3 Bh5 7. g4 Bg6 8. Nxe5 Bd6 9. Nxg6 hxg6 10. Kg2 Qd7 11. d4 O-O-O 12. Qf3 f6 13. c3 Ne7 14. Bf4 Bxf4 15. Qxf4 g5 16. Qg3 Ng6 17. Rh1 Nf4+ 18. Kf1 c5 19. d5 Qb5+ 20. Kg1 Ne2+ 0-1


[Site "https://www.chess.com"]

[Event "Titled Tuesday Blitz November 07 Early 2023"]
[White "Dowgird, Filip"]
[Black "Kashtanov, Ruslan"]
[WhiteFideId "1121235"]
[BlackFideId "4124871"]
[WhiteElo "2650"]
[BlackElo "2456"]
[Result "1-0"]
[Round "5"]
[TimeControl "180+1"]
[Date "2023.11.07"]
[WhiteClock "0:00:15"]
[BlackClock "0:00:07"]
[Board "101"]

1. d4 Nf6 2. Bg5 d5 3. Bxf6 exf6 4. Nd2 Bd6 5. e4 c6 6. exd5 cxd5 7. Ngf3 O-O 8. Be2 Nc6 9. c3 Be6 10. O-O Rb8 11. a4 a6 12. Re1 Qc7 13. Bd3 b5 14. axb5 axb5 15. b4 Ne7 16. Qb3 Rfc8 17. Rec1 Bf4 18. g3 Bh6 19. Rc2 Nf5 20. Qb1 Nd6 21. Nb3 Ne4 22. Nc5 Bg4 23. Ne1 Nd2 24. Qa2 Nf3+ 25. Nxf3 Bxf3 26. Be2 Be4 27. Bd3 Bf3 28. Na6 Qd7 29. Nxb8 Rxb8 30. Qa7 Qc8 31. Rca2 Rb7 32. Qxb7 Qxb7 33. Ra8+ 1-0


[Site "https://www.chess.com"]

[Event "Titled Tuesday Blitz November 07 Early 2023"]
[White "Jesseinkman"]
[Black "Kuzhylnyi, Oleksandr"]
[BlackFideId "34110500"]
[WhiteElo "2450"]
[BlackElo "2636"]
[Result "0-1"]
[Round "5"]
[TimeControl "180+1"]
[Date "2023.11.07"]
[WhiteClock "0:00:04"]
[BlackClock "0:00:26"]
[Board "104"]

1. e4 g6 2. d4 Bg7 3. Nf3 d6 4. Nc3 a6 5. a4 Nc6 6. Be3 Bg4 7. d5 Ne5 8. Be2 Nxf3+ 9. gxf3 Bh3 10. Bd4 Nf6 11. f4 O-O 12. Bf3 Rc8 13. Qd3 c5 14. dxc6 bxc6 15. e5 dxe5 16. fxe5 Ng4 17. Qe4 c5 18. Bxg4 Bxg4 19. Bxc5 Rxc5 20. Qxg4 Bxe5 21. O-O Bxc3 22. bxc3 Rxc3 23. Rfd1 Qc8 24. Qxc8 Rfxc8 25. Rd7 Rxc2 26. Rxe7 Rc1+ 27. Rxc1 Rxc1+ 28. Kg2 Rc4 29. a5 Rc5 30. Re8+ Kg7 31. Ra8 Rxa5 32. Ra7 Ra3 33. Ra8 g5 34. Ra7 g4 35. Ra8 h5 36. Rb8 h4 37. Rb4 h3+ 38. Kf1 f5 39. Rb6 Ra1+ 40. Ke2 Rh1 41. Rxa6 Rxh2 42. Ra1 Rg2 43. Ra7+ Kg6 44. Ra6+ Kg5 45. Ra8 g3 46. Rg8+ Kf4 47. Kf1 Rxf2+ 48. Kg1 h2+ 49. Kh1 Rf1+ 50. Kg2 h1=Q# 0-1


[Site "https://www.chess.com"]

[Event "Titled Tuesday Blitz November 07 Early 2023"]
[White "szachmistrz2500"]
[Black "Kavyev, Ruslan"]
[BlackFideId "34110981"]
[WhiteElo "2449"]
[BlackElo "2629"]
[Result "0-1"]
[Round "5"]
[TimeControl "180+1"]
[Date "2023.11.07"]
[WhiteClock "0:00:41"]
[BlackClock "0:00:18"]
[Board "105"]

1. Nf3 Nf6 2. g3 g6 3. Bg2 Bg7 4. O-O O-O 5. d3 d5 6. Nbd2 c5 7. e4 Nc6 8. Re1 e5 9. c3 Re8 10. a3 a5 11. h3 h6 12. a4 Be6 13. exd5 Nxd5 14. Nc4 Qc7 15. Qb3 Rad8 16. Be3 Nxe3 17. Rxe3 Rxd3 18. Rxd3 e4 19. Re3 exf3 20. Bxf3 Ne5 21. Rxe5 Bxe5 22. Qb5 Re7 23. Nxe5 Qxe5 24. h4 Kg7 25. Qxa5 Qf6 26. Bg2 Qe5 27. Qb5 g5 28. hxg5 hxg5 29. Bxb7 Bd5 30. Bxd5 Qxd5 31. b4 Rc7 32. a5 Rc8 33. a6 Rh8 34. Kf1 Qf3 35. Ke1 Qxc3+ 36. Ke2 Qxa1 37. Qxc5 Qxa6+ 38. Kf3 Qf6+ 39. Kg4 Qe6+ 40. Kxg5 Rd8 41. Kf4 Qd6+ 42. Ke4 Qd3+ 43. Kf4 Rd4+ 44. Kg5 Rd5+ 0-1


[Site "https://www.chess.com"]

[Event "Titled Tuesday Blitz November 07 Early 2023"]
[White "JuniorJumper"]
[Black "Berezin, Viktor"]
[BlackFideId "14107872"]
[WhiteElo "2620"]
[BlackElo "2449"]
[Result "0-1"]
[Round "5"]
[TimeControl "180+1"]
[Date "2023.11.07"]
[WhiteClock "0:00:10"]
[BlackClock "0:01:16"]
[Board "106"]

1. d4 Nf6 2. Bf4 g6 3. Nc3 Bg7 4. e4 d6 5. Qd2 c6 6. O-O-O b5 7. f3 O-O 8. Bh6 b4 9. Nce2 Qa5 10. Kb1 c5 11. dxc5 dxc5 12. Nc1 Be6 13. Bxg7 Kxg7 14. Nb3 Qb6 15. e5 Nd5 16. Bc4 Nc3+ 17. bxc3 Bxc4 18. cxb4 Na6 19. bxc5 Nxc5 20. Qd4 Bxb3 21. cxb3 Rad8 22. Ne2 Rxd4 23. Nxd4 Rd8 24. Rhe1 Ne6 25. Nxe6+ fxe6 26. Rxd8 Qxd8 27. Kc2 Qc7+ 28. Kd3 Qa5 29. Re2 Qd5+ 30. Kc2 a5 31. a3 Qc5+ 32. Kb2 Qd4+ 33. Kc2 Qa1 34. Re4 Qxa3 35. h4 Qa2+ 36. Kc3 Qxg2 37. h5 Qxf3+ 38. Kd4 Qd1+ 39. Kc5 Qd5+ 40. Kb6 Qxe4 41. Kxa5 Qxe5+ 42. Ka4 gxh5 43. b4 h4 44. b5 Qb8 45. Ka5 h3 46. Ka6 h2 47. b6 h1=Q 48. Kb5 Qd5+ 49. Ka6 Qdb7+ 50. Kb5 Qxb6+ 51. Kc4 Qf4+ 52. Kd3 Qfe3+ 53. Kc2 Qbb3# 0-1


[Site "https://www.chess.com"]

[Event "Titled Tuesday Blitz November 07 Early 2023"]
[White "Kvaloy, Aksel Bu"]
[Black "Kanyamarala, Tarun"]
[WhiteFideId "1528815"]
[BlackFideId "45004714"]
[WhiteElo "2614"]
[BlackElo "2446"]
[Result "1-0"]
[Round "5"]
[TimeControl "180+1"]
[Date "2023.11.07"]
[WhiteClock "0:02:20"]
[BlackClock "0:01:57"]
[Board "107"]

1. d4 Nf6 2. Nf3 c6 3. Bg5 Ne4 4. Bh4 g6 5. Nbd2 Nxd2 6. Qxd2 Bg7 7. e4 O-O 8. Bd3 d6 9. O-O Bg4 10. Be2 Nd7 11. c3 Nf6 12. Qc2 Rc8 13. h3 Bxf3 14. Bxf3 c5 15. e5 dxe5 16. dxe5 Nd7 17. e6 fxe6 18. Bxb7 Rc7 19. Be4 Nf6 20. Rad1 Qc8 21. Bg3 Rd7 22. Rfe1 Rfd8 23. Rxd7 Qxd7 24. Qb3 Kf7 25. Bf3 Nd5 26. Bg4 1-0


[Site "https://www.chess.com"]

[Event "Titled Tuesday Blitz November 07 Early 2023"]
[White "lagunanivaria"]
[Black "aghasiyevkamal"]
[WhiteElo "2446"]
[BlackElo "2611"]
[Result "0-1"]
[Round "5"]
[TimeControl "180+1"]
[Date "2023.11.07"]
[WhiteClock "0:00:00"]
[BlackClock "0:00:26"]
[Board "108"]

1. e4 e5 2. Nf3 Nc6 3. Bb5 a6 4. Ba4 d6 5. c3 Bd7 6. d4 g6 7. O-O Bg7 8. h3 Nf6 9. Re1 O-O 10. Nbd2 Re8 11. Bc2 b5 12. Nf1 Qb8 13. Ng3 Qb7 14. Bg5 h6 15. Bxf6 Bxf6 16. Qd2 Bg7 17. dxe5 Nxe5 18. Nxe5 Rxe5 19. f3 Qb6+ 20. Kh2 h5 21. Bb3 Rf8 22. Rad1 Kh7 23. Ne2 Qf2 24. Rf1 Qh4 25. Qe1 Qe7 26. Nf4 Rg5 27. Nd5 Rxd5 28. Bxd5 a5 29. f4 b4 30. cxb4 axb4 31. Qxb4 h4 32. b3 g5 33. f5 Be5+ 34. Kh1 g4 35. Qe1 Rg8 36. Qe2 Rg5 37. hxg4 f6 38. a4 Qg7 39. a5 Rxg4 40. a6 Bb5 41. Qxb5 Rxg2 42. Bg8+ Kh6 43. Rd2 Rxd2 0-1


[Site "https://www.chess.com"]

[Event "Titled Tuesday Blitz November 07 Early 2023"]
[White "Kovalevsky, Stanislav"]
[Black "Tregubov, Pavel V."]
[WhiteFideId "13508598"]
[BlackFideId "4115341"]
[WhiteElo "2443"]
[BlackElo "2610"]
[Result "0-1"]
[Round "5"]
[TimeControl "180+1"]
[Date "2023.11.07"]
[WhiteClock "0:00:09"]
[BlackClock "0:00:10"]
[Board "109"]

1. e4 c5 2. c3 d5 3. exd5 Qxd5 4. Nf3 g6 5. d4 Bg7 6. Be3 Nh6 7. dxc5 Qxd1+ 8. Kxd1 Ng4 9. Nbd2 Nxe3+ 10. fxe3 O-O 11. Bc4 Na6 12. Nb3 Bf5 13. Ke2 Rac8 14. Bxa6 bxa6 15. Rhd1 a5 16. Nxa5 Rxc5 17. Nb3 Rc7 18. h3 Rb8 19. Rd5 Be6 20. Ra5 Bxb3 21. axb3 Rxb3 22. Rxa7 Rxb2+ 23. Kd3 Rxc3+ 24. Ke4 Rb4+ 25. Kd5 Bf6 26. R1a3 Rc2 27. Ra2 Rc3 28. R7a3 Rc1 29. Ra4 e6+ 30. Kd6 Rb6+ 31. Kd7 Kg7 32. Ra8 Rb3 33. R2a7 Rcb1 34. e4 Rb7+ 35. Rxb7 Rxb7+ 36. Ke8 Bc3 37. Rd8 Bb4 38. Rd7 Rb8+ 39. Rd8 Rxd8+ 40. Kxd8 Kf6 41. Kd7 h5 42. Kc6 g5 43. Kb5 Ba3 44. Kc4 g4 45. hxg4 hxg4 46. Nd2 Ke5 47. Kd3 Kf4 48. Ke2 Bb4 49. Nc4 Kxe4 50. Nb2 f5 51. Nd3 Bd6 52. Nf2+ Kd4 53. Nd1 Be5 54. Ne3 Bd6 55. Nc2+ Ke4 56. Ne3 Bc5 57. Nc4 f4 58. Nd2+ Kf5 59. Nc4 e5 60. Nd2 e4 61. Nb3 f3+ 62. gxf3 exf3+ 63. Kf1 Be3 64. Na1 g3 65. Nc2 g2+ 66. Ke1 g1=Q# 0-1


[Site "https://www.chess.com"]

[Event "Titled Tuesday Blitz November 07 Early 2023"]
[White "Pesotskiy, Mikhail"]
[Black "pasteta13"]
[WhiteFideId "34164453"]
[WhiteElo "2607"]
[BlackElo "2443"]
[Result "1/2-1/2"]
[Round "5"]
[TimeControl "180+1"]
[Date "2023.11.07"]
[WhiteClock "0:01:16"]
[BlackClock "0:00:04"]
[Board "110"]

1. d4 Nf6 2. c4 d6 3. Nc3 Nbd7 4. e4 e5 5. d5 Nc5 6. f3 a5 7. Be3 b6 8. Nge2 g6 9. Qd2 Bg7 10. Nc1 O-O 11. g4 Nfd7 12. Nd3 Nxd3+ 13. Bxd3 Nc5 14. Bc2 f5 15. gxf5 gxf5 16. O-O-O f4 17. Bf2 Kh8 18. Rhg1 Bf6 19. h4 Bh3 20. Bxc5 bxc5 21. Rh1 Bd7 22. Ba4 Bxa4 23. Nxa4 Rg8 24. Nc3 Rg3 25. Qf2 Qg8 26. Rdg1 Bxh4 27. Ne2 Rxg1+ 28. Qxg1 Qxg1+ 29. Rxg1 Rg8 30. Kd1 Bg3 31. Rh1 Rg5 32. Ng1 h5 33. Nh3 Rg6 34. Ke2 Kg7 35. Kf1 Kf6 36. Ng1 h4 37. Ne2 Rg8 38. Nc3 Rb8 39. Nb5 Rb7 40. a4 Kg5 41. Kg2 Kh5 42. b3 Kg5 43. Rh3 Kh5 44. Rh1 Kg5 45. Rh3 Kh5 46. Rh1 1/2-1/2


[Site "https://www.chess.com"]

[Event "Titled Tuesday Blitz November 07 Early 2023"]
[White "Sharapov, Evgeny"]
[Black "Azali, Tannaz"]
[WhiteFideId "14103133"]
[BlackFideId "12537721"]
[WhiteElo "2605"]
[BlackElo "2440"]
[Result "1-0"]
[Round "5"]
[TimeControl "180+1"]
[Date "2023.11.07"]
[WhiteClock "0:01:08"]
[BlackClock "0:00:16"]
[Board "111"]

1. e4 c5 2. Nf3 e6 3. d4 cxd4 4. Nxd4 Nf6 5. Nc3 Nc6 6. Ndb5 Bc5 7. Bf4 O-O 8. Bc7 Qe7 9. Bd6 Bxd6 10. Qxd6 Qd8 11. O-O-O a6 12. Nd4 Ne7 13. e5 Ne8 14. Qa3 b5 15. f4 Rb8 16. Qb3 Qb6 17. Ne4 Bb7 18. Nd6 Nxd6 19. exd6 Nd5 20. Qg3 Qxd6 21. f5 Qxg3 22. hxg3 Ne3 23. Re1 Nxf1 24. Rhxf1 Bxg2 25. Rf2 Bd5 26. f6 gxf6 27. Rxf6 Rbc8 28. Re5 Kg7 29. Rf2 f5 30. Nxf5+ Kf6 31. Rfe2 Bxa2 32. Nd4 Bc4 33. Re1 Rg8 34. Rh5 Rxg3 35. Rxh7 Rg7 36. Rh6+ Kf7 37. b3 Bd5 38. Kb2 Rcg8 39. Rf1+ Ke8 40. Re1 Kd8 41. Ra1 Bb7 42. b4 Rg4 43. Rd1 Rf8 44. Nxe6+ Kc8 45. Nxf8 1-0


[Site "https://www.chess.com"]